 Dungeon Crawl Stone Soup version 0.29.0-11-gd7f09526c8 (webtiles) character file.

Game seed: 9687306259300630003

59 doricub5 the Trooper (level 3, -6/34 HPs)
             Began as a Minotaur Berserker on Sept 3, 2022.
             Was a Believer of Trog.
             Mangled by Crazy Yiuf
             ... wielding a +2 quarterstaff of chaos
              (8 damage)
             ... on level 3 of the Dungeon.
             The game lasted 00:04:46 (2037 turns).

doricub5 the Trooper (Minotaur Berserker)           Turns: 2037, Time: 00:04:47

Health: -6/34      AC:  9    Str: 23    XL:     3   Next: 78%
Magic:  2/2        EV:  8    Int:  4    God:    Trog [**....]
Gold:   158        SH:  0    Dex:  9    Spells: 2/2 levels left

rFire   . . .      SeeInvis .   a - +0 falchion
rCold   . . .      Faith    .   (no shield)
rNeg    . . .      Spirit   .   p - +0 chain mail
rPois   .          Reflect  .   (helmet restricted)
rElec   .          Harm     .   (no cloak)
rCorr   .          Rampage  .   (no gloves)
Will    .....                   (no boots)
Stlth   ..........              (no amulet)
HPRegen 0.11/turn               (no ring)
MPRegen 0.08/turn               (no ring)

@: no status effects
A: horns 2, retaliatory headbutt
a: Renounce Religion, Berserk, Trog's Hand


You were on level 3 of the Dungeon.
You worshipped Trog.
Trog was pleased with you.
You visited 1 branch of the dungeon, and saw 3 of its levels.

You collected 158 gold pieces.

Inventory:

Hand Weapons
 a - a +0 falchion (weapon)
Armour
 p - a +0 chain mail (worn)
Scrolls
 b - 2 scrolls of identify {unknown}
 d - 2 scrolls of teleportation {unknown}
 f - 2 scrolls of summoning {unknown}
 g - a scroll of butterflies {unknown}
 l - a scroll of enchant armour {unknown}
 n - 2 scrolls of magic mapping {unknown}
 o - 2 scrolls of blinking {unknown}
Potions
 c - a potion of haste {unknown}
 e - a potion of degeneration {unknown}
 h - a potion of flight {unknown}
 i - 2 potions of heal wounds {unknown}
 j - a potion of resistance {unknown}
 k - a potion of cancellation {unknown}


   Skills:
 * Level 4.6 Fighting
 + Level 4.1 Long Blades
 + Level 3.0 Armour
 + Level 2.8 Dodging


You had 2 spell levels left.
You didn't know any spells.
Your spell library was empty.

Dungeon Overview and Level Annotations

Branches:
Dungeon (3/15)

Altars:
Dithmenos

Annotations:
D:3 Crazy Yiuf


Innate Abilities, Weirdness & Mutations

You have a pair of horns on your head.
You reflexively headbutt those who attack you in melee.


Message History

The frilled lizard hisses angrily.
You see here a scroll labelled QUSMICU CEHYKH.
You see here 13 gold pieces.
The frilled lizard bites you.
You miss the frilled lizard.
The frilled lizard bites you but does no damage.
You miss the frilled lizard.
The frilled lizard bites you but does no damage.
You closely miss the frilled lizard.
The frilled lizard bites you but does no damage.
You miss the frilled lizard.
The frilled lizard bites you but does no damage.
You closely miss the frilled lizard.
The frilled lizard bites you but does no damage.
You hit the frilled lizard.
You kill the frilled lizard!
Trog accepts your kill.
No target in view!
You now have 158 gold pieces (gained 13).
b - 2 scrolls labelled QUSMICU CEHYKH (gained 1)
Found a hammer.
Found a runed translucent door.
Crazy Yiuf cries, "Action!"
You open the door.
Crazy Yiuf says, "Crazy?
Crazy!?
PORCUPINE!"
You hit Crazy Yiuf. You headbutt Crazy Yiuf.
Crazy Yiuf is moderately wounded.
Crazy Yiuf hits you with a +2 quarterstaff of chaos.
Crazy Yiuf yells, "Line!"
Crazy Yiuf hits you with a +2 quarterstaff of chaos!
Crazy Yiuf burns you.
You barely miss Crazy Yiuf.
Crazy Yiuf is moderately wounded.
Crazy Yiuf cries, "Sif Muna wrapper alas!"
Crazy Yiuf hits you with a +2 quarterstaff of chaos!
You are electrocuted!
* * * LOW HITPOINT WARNING * * *
You hit Crazy Yiuf but do no damage. You headbutt Crazy Yiuf!
Crazy Yiuf is severely wounded.
Crazy Yiuf hits you with a +2 quarterstaff of chaos!
You die...

#....###...#.......
#....# #...#....≈.≈
♣....♣ #####...†≈..
♣♣...♣ #....≈..
♣♣.♣♣ ####.≈.. ♣♣.♣
#.≈.≈ ♣.♣♣ #....
♣♣.♣ #.≈≈≈ ♣@♣♣
#.... #g# #..## ...
##.. #...# ##.#
#)..# #.. ##### #..
#.( #.. #..


You could see Crazy Yiuf.

Vanquished Creatures
  2 dart slugs
  3 endoplasms
  5 giant cockroaches (D:2)
  6 goblins
  5 hobgoblins (D:1)
  4 jackals (D:2)
  2 kobolds (D:1)
  4 quokkas
  6 ball pythons
  6 bats
  3 frilled lizards
  3 rats
49 creatures vanquished.

Notes
Turn   | Place    | Note
-------+----------+-------------------------------------------
     0 | D:1      | doricub5 the Minotaur Berserker began the quest for the
                  | Orb.
     0 | D:1      | Reached XP level 1. HP: 19/19 MP: 0/0
   525 | D:1      | Reached XP level 2. HP: 26/27 MP: 1/1
  1380 | D:2      | Reached XP level 3. HP: 30/33 MP: 2/2
  1513 | D:2      | Identified the +0 leather armour of Abstinence {+Inv
                  | Regen+}
  1691 | D:2      | Reached ** piety under Trog
  1898 | D:3      | Found a shadowy altar of Dithmenos.
  2030 | D:3      | Found a runed translucent door.
  2031 | D:3      | Noticed Crazy Yiuf
  2037 | D:3      | Mangled by Crazy Yiuf

Illustrated notes

Levels and vault maps discovered:
D:1:      dpeg_arrival_simpleton_b, layout_loops_cross, minmay_bisected
D:2:      layout_basic, minmay_worlds_worst_comb
D:3:      kennysheep_goblin_castle, layout_basic,
          mainiacjoe_overflow_cross_hatched,
          ebering_ecumenical_altar_sacrificial, dreamdust_mushroom_princess,
          minmay_misc_feat_diagonals, uniq_ijyb, uniq_crazy_yiuf_cottage

Skill      XL: |  1  2  3 |
---------------+----------+-----
Fighting       | 4 |  4.6
Long Blades    | 4 |  4.1
Armour         | 3 |  3.0
Dodging        | |  2.8

Action                   || total
-------------------------++-------
Melee: Falchion          ||   117
       Headbutt          ||    14
 Stab: Sleeping          ||     1
Armor: Animal skin       ||    12
       Chain mail        ||     9
       Leather armour    ||     3
Dodge: Dodged            ||    82
